ProzacElf, chaotic female orcish Barbarian |..G. ..--.h.. .<..@.d. ------- ProzacElf the Bandit Experience level: 6 Strength: 17 Dexterity: 17 Constitution: 18 Intelligence: 8 Wisdom: 9 Charisma: 8 Health: 0(55) Energy: 11(11) Def: 5 Gold: 363 Moves: 4374 Dungeon seed: HmuqzXEz4ROhw_7F Game ID: ProzacElf_1449126092 Your Inventory: Coins $ - 363 gold pieces Weapons a - a +0 two-handed sword (weapon in hands) b - a +0 axe (alternate weapon; not wielded) I - 7 +0 darts Armor e - an uncursed +0 orcish ring mail (being worn) q - an uncursed +0 orcish helm (being worn) z - an uncursed +0 dwarvish cloak (being worn) N - an uncursed +0 pair of iron shoes (being worn) Scrolls w - 2 uncursed scrolls of remove curse x - an uncursed scroll of teleportation Potions g - 2 uncursed potions of water l - a blessed potion of extra healing m - an uncursed potion of enlightenment o - an uncursed potion of monster detection p - an uncursed potion of gain energy r - an uncursed potion of confusion u - an uncursed potion of hallucination E - a cursed potion of confusion G - an uncursed potion of blindness H - an uncursed potion of healing Wands A - a cursed wand of make invisible (0:4) Tools d - an uncursed lock pick i - an uncursed tin whistle J - a +0 pick-axe Gems n - an uncursed worthless piece of orange glass Spells and supernatural/magical abilities: Name Level Category Fail Memory W - pray for help -- divine ? -- Your skills at the end: Fighting Skills bare handed combat [Basic] Weapon Skills axe [Basic] two-handed sword [Basic] Spellcasting Skills Final Attributes: You were piously aligned. You were poison resistant. You were telepathic. You had infravision. You are dead. Vanquished creatures: a large mimic a leprechaun 2 rock moles a shrieker a violet fungus a gnome lord a kobold mummy a little dog 2 floating eyes a dwarf a kobold shaman a hill orc a monkey 3 dwarf zombies a wererat 3 iguanas an acid blob a coyote 2 gas spores 2 hobbits 8 manes a large kobold 3 yellow molds 2 red molds 2 gnomes 2 garter snakes a gecko 5 jackals a fox 14 grid bugs 2 bats 9 lichens a kobold zombie 11 newts 90 creatures vanquished. Voluntary challenges: You had been an atheist until turn 4001. You used a wielded weapon 143 times, starting on turn 176. You were illiterate. You never genocided any monsters. You never polymorphed an object. You never changed form. You used no wishes. You never split a pudding. You never wrote Elbereth's name. You never violated your personal moral code. Dungeon overview: The Dungeons of Doom: levels 1 to 4 Level 1 a fountain a long staircase Level 2 a potion shop Level 3 a general store Level 4 an altar to Crom, a sink stairs to The Gnomish Mines The Gnomish Mines: Level 5 <- You were here stairs to The Dungeons of Doom History has recorded: On T:1 you entered the Dungeons of Doom to retrieve the Amulet of Yendor! On T:498 you advanced to experience level 2. On T:537 you reached level 2 of The Dungeons of Doom. On T:1374 you advanced to experience level 3. On T:1762 you reached level 3 of The Dungeons of Doom. On T:2258 you advanced to experience level 4. On T:2630 you advanced to experience level 5. On T:3620 you reached level 4 of The Dungeons of Doom. On T:3981 you advanced to experience level 6. On T:4356 you reached level 1 of The Gnomish Mines. Score breakdown: Gold: 363 ( 8711 points) Experience: 6 levels (12456 points) Exploration: 5 levels ( 10.20%) ( 8660 points) Discoveries: 2 items ( 0.81%) ( 2705 points) Valuables value: (no points given unless you survive) Artifact value: 0 ( 0 points) Variety of kills: 34 monsters ( 8.92%) ( 8961 points) Turncount: 4374 turns (-1157 points) Survival: died (score multiplied by 80%) Total score: 32268 Latest messages: o - an uncursed potion called 75. p - an uncursed potion called 75a. A - a cursed wand called 75. You bought a scroll labeled DUAM XNAHT for 141 gold pieces. "Thank you for shopping in Akalapi's general store!" You smite the mind flayer. The mind flayer zaps a wand of striking! The wand hits you! You die... Final status: Goodbye ProzacElf the Barbarian, killed by a wand... You died in The Gnomish Mines on dungeon level 5 with 32268 points, and 363 pieces of gold, after 4374 moves. You were level 6 with a maximum of 55 hit points when you died.